 Dungeon Crawl Stone Soup version 0.31-a0-848-gaac375c287 (webtiles) character file.

Game seed: 8516574923387166783

4967 Schnaeble the Slicer (level 10, 0/80 HPs)
             Began as a Demonspawn Gladiator on Oct 4, 2023.
             Slain by Erica
             ... wielding a +4 scimitar of flaming
              (12 damage)
             ... on level 8 of the Dungeon on Oct 5, 2023.
             The game lasted 00:15:51 (6910 turns).

Schnaeble the Slicer (Demonspawn Gladiator)         Turns: 6910, Time: 00:15:52

Health: 0/80       AC: 11    Str: 19    XL:     10   Next: 28%
Magic:  10/10      EV:  8    Int: 15    God:
Gold:   349        SH: 11    Dex: 18    Spells: 9/9 levels left

rFire   + + .        v - +4 dagger "Vicuogeuh" {freeze, Int+5}
rCold   + . .        I - +1 kite shield
rNeg    + . .        j - +0 chain mail
rPois   +            (helmet restricted)
rElec   +            k - +2 cloak
rCorr   +            (no gloves)
SInv    .            (no boots)
Will    +....        (no amulet)
Stlth   +            n - ring of protection from fire
HPRegen 1.93/turn    w - ring of positive energy
MPRegen 0.12/turn

%: no passive effects
@: mighty, brilliant, resistant, enlightened, flying, slowed, very slow
A: horns 1, thin skeletal structure 2, icemail 1, powered by pain 1,
condensation shield, regeneration 2, MP-powered wands
a: no special abilities


You were on level 8 of the Dungeon.
You visited 1 branch of the dungeon, and saw 8 of its levels.

You collected 469 gold pieces.
You spent 120 gold pieces at shops.

Inventory:

Hand Weapons
 a - a +0 long sword
 g - a +2 scimitar of holy wrath
 t - a +3 great sword
 v - the +4 dagger "Vicuogeuh" (weapon) {freeze, Int+5}
   (You found it on level 2 of the Dungeon)

   Int+5:     It affects your intelligence (+5).
Missiles
 d - 5 throwing nets (quivered)
 e - a javelin
Armour
 c - a +0 helmet
 j - a +0 chain mail (worn)
 k - a +2 cloak (worn)
 I - a +1 kite shield (worn)
Jewellery
 n - a ring of protection from fire (left hand)
 w - a ring of positive energy (right hand)
 L - an amulet of magic regeneration
Wands
 b - a wand of paralysis (6)
 C - a wand of iceblast (16)
 E - a wand of flame (42)
Scrolls
 i - 3 scrolls of poison
 l - 6 scrolls of identify
 p - 2 scrolls of brand weapon
 q - a scroll of fog {unknown}
 u - a scroll of enchant armour
 x - a scroll of enchant weapon
 y - 2 scrolls of revelation
 z - 4 scrolls of immolation {unknown}
 B - a scroll of teleportation {unknown}
 H - a scroll of torment {unknown}
Potions
 h - a potion of degeneration
 o - a potion of resistance
 r - a potion of heal wounds {unknown}
 s - 2 potions of attraction
 A - 2 potions of lignification {unknown}
 D - 2 potions of mutation
 K - a potion of ambrosia


   Skills:
 + Level 8.2 Fighting
 - Level 9.7(10.0) Short Blades
 - Level 3.3(7.0) Long Blades
 - Level 1.7 Throwing
 + Level 2.1 Armour
 + Level 2.9 Dodging
 - Level 5.8 Shields


You had 9 spell levels left.
You didn't know any spells.
Your spell library contained the following spells:

 Spells                   Type           Power      Damage    Failure   Level
 Ensorcelled Hibernation  Hex/Ice        0%         N/A       100%        2
 Jinxbite                 Hex            0%         N/A       100%        2
 Poisonous Vapours        Pois/Air       0%         N/A       100%        2
 Sublimation of Blood     Necr           0%         N/A       100%        2
 Wereblood                Tmut           0%         N/A       100%        2
 Inner Flame              Hex/Fire       0%         N/A       100%        3
 Mephitic Cloud           Conj/Pois/Air  0%         N/A       100%        3
 Anguish                  Hex/Necr       0%         N/A       100%        4
 Flame Wave               Conj/Fire      0%         2d4       100%        4
 Sticky Flame             Conj/Fire      0%         2d3       100%        4
 Vhi's Electric Charge    Tloc/Air       0%         N/A       100%        4
 Arcjolt                  Conj/Air       0%         1d10      100%        5
 Freezing Cloud           Conj/Ice/Air   0%         6-21      100%        5
 Plasma Beam              Fire/Air       0%         2x1d10    100%        6
 Malign Gateway           Summ/Tloc      0%         N/A       100%        7
 Summon Hydra             Summ           0%         N/A       100%        7
 Summon Horrible Things   Summ           0%         N/A       100%        8


Dungeon Overview and Level Annotations

Branches:
Dungeon (8/15)             Temple (0/1) D:7
   Lair: D:8-11

Altars:
Uskayaw
Xom

Shops:
D:3 (   D:5 !   D:7 :

Annotations:
D:8 Erica


Innate Abilities, Weirdness & Mutations

You have a pair of small horns on your head.
You have a moderately thin skeletal structure. (Dex +4, Stealth++)
A meltable icy envelope protects you from harm. (AC +0)
You sometimes gain a little power by taking damage.
A meltable shield of frost defends you. (SH +0)
You heal very quickly.
You expend magic power (3 MP) to strengthen your wands.


Message History

The hound bites you but does no damage. Something hits you!
* * * LOW HITPOINT WARNING * * *
Something burns you.
* * * LOW HITPOINT WARNING * * *
You feel better. The hound closely misses you. You block the hound's attack.
Something hits you but does no damage. You block the hound's attack.
You hear some strange, mumbled words.
A bolt of poison appears from out of thin air!
The bolt of poison hits you.
You are poisoned.
You resist.
You puncture something! You freeze something. You headbutt something.
You feel very sick. You block the hound's attack.
Something hits you but does no damage.
You miss something.
You feel sick. You block the hound's attack.
You puncture something! You freeze something. Your headbutt misses something.
You feel sick. The hound bites you but does no damage. Something hits you.
* * * LOW HITPOINT WARNING * * *
The hound bites you.
* * * LOW HITPOINT WARNING * * *
You puncture something! You freeze something.
You feel sick.
You hear a zap.
A bolt of acid appears from out of thin air!
The bolt of acid hits you! You resist.
* * * LOW HITPOINT WARNING * * *
You block the hound's attack.
It was a potion of enlightenment.
You feel very buoyant.
You fly up into the air.
You feel sick. You block the hound's attack.
You hear some strange, mumbled words.
A bolt of poison appears from out of thin air!
The bolt of poison misses you. The hound bites you.
* * * LOW HITPOINT WARNING * * *
Something hits you!
* * * LOW HITPOINT WARNING * * *
Something burns you.
* * * LOW HITPOINT WARNING * * *
You feel better. You block the hound's attack. The hound barely misses you.
Something hits you!
You die...

.....# ##....... ....#
'.....# .... '.....##.
≈.........## '........
≈....#.....## ##........
............###.........
........................
...............#{h#...# #
..............##@.# ..#..
..............##..##.....
...............####......
......#.........##.......
......###................
........##†.))........#
....>.....)†..).......#
## ........<###...#.>...K
.......((#....####.#..


You could see a hound.

Vanquished Creatures
  Joseph (D:6)
  A kobold demonologist (D:7)
  Prince Ribbit (D:5)
  Grinder (D:4)
  A hornet (D:8)
  Sigmund (D:3)
  6 yaks
  Grum (D:8)
  Menkaure (D:4)
  Edmund (D:5)
  A sky beast (D:7)
  A black bear (D:4)
  An ogre (D:7)
  2 centaurs
  A phantom (D:6)
  Blork the orc (D:5)
  A kobold brigand (D:8)
  5 bullfrogs
  4 scorpions
  2 wights (D:7)
  2 howler monkeys (D:7)
  9 hounds
  2 orc priests
  5 jellies
  A gnoll bouda (D:6)
  A sleepcap (D:5)
  4 orc wizards
  4 iguanas
  7 gnolls
  11 adders
  5 worms
  A dart slug (D:3)
  25 orcs
  6 ball pythons
  5 bats
  12 endoplasms
  2 giant cockroaches
  11 goblins
  6 hobgoblins
  4 jackals (D:5)
  21 kobolds
  3 quokkas
  3 frilled lizards (D:1)
  5 rats
189 creatures vanquished.

Notes
Turn   | Place    | Note
-------+----------+-------------------------------------------
     0 | D:1      | Schnaeble the Demonspawn Gladiator began the quest for the
                  | Orb.
     0 | D:1      | Reached XP level 1. HP: 16/16 MP: 1/1
   338 | D:1      | Gained mutation: You have a somewhat thin skeletal
                  | structure. (Dex +2, Stealth+) [demonic ancestry]
   338 | D:1      | Reached XP level 2. HP: 22/22 MP: 2/2
  1092 | D:2      | Identified the +4 dagger "Vicuogeuh" {freeze, Int+5}
  1128 | D:2      | Reached XP level 3. HP: 28/28 MP: 3/3
  1356 | D:2      | Reached skill level 1 in Short Blades
  1489 | D:2      | Found a faded altar of an unknown god.
  1714 | D:3      | Gained mutation: A meltable shield of frost defends you.
                  | (SH +0) [demonic ancestry]
  1714 | D:3      | Reached XP level 4. HP: 34/34 MP: 4/4
  1775 | D:3      | Reached skill level 2 in Short Blades
  1968 | D:3      | Noticed Sigmund
  2122 | D:3      | Killed Sigmund
  2123 | D:3      | Reached skill level 3 in Short Blades
  2123 | D:3      | Gained mutation: You have a pair of small horns on your
                  | head. [demonic ancestry]
  2123 | D:3      | Reached XP level 5. HP: 38/41 MP: 5/5
  2250 | D:3      | Found Regeluwn's Antique Weapon Emporium.
  2382 | D:3      | Reached skill level 4 in Short Blades
  2382 | D:3      | Reached XP level 6. HP: 37/47 MP: 6/6
  2949 | D:4      | Noticed Grinder
  2973 | D:4      | Killed Grinder
  2974 | D:4      | Reached skill level 5 in Short Blades
  2974 | D:4      | Reached skill level 1 in Shields
  2974 | D:4      | Gained mutation: You have a moderately thin skeletal
                  | structure. (Dex +4, Stealth++) [demonic ancestry]
  2974 | D:4      | Reached XP level 7. HP: 47/53 MP: 7/7
  3204 | D:4      | Reached skill level 6 in Short Blades
  3494 | D:4      | Noticed Menkaure
  3504 | D:4      | Killed Menkaure
  3947 | D:4      | Found a hide-covered altar of Uskayaw.
  3980 | D:4      | Found a shimmering altar of Xom.
  4257 | D:5      | Entered Level 5 of the Dungeon
  4460 | D:5      | Noticed Blork the orc
  4467 | D:5      | Noticed Edmund
  4470 | D:5      | Reached skill level 7 in Short Blades
  4470 | D:5      | Gained mutation: You sometimes gain a little power by
                  | taking damage. [demonic ancestry]
  4470 | D:5      | Reached XP level 8. HP: 44/60 MP: 8/8
  4470 | D:5      | Gained mutation: Your natural rate of healing is unusually
                  | fast. [potion of mutation]
  4470 | D:5      | Gained mutation: You expend magic power (3 MP) to
                  | strengthen your wands. [potion of mutation]
  4470 | D:5      | Gained mutation: You heal very quickly. [potion of
                  | mutation]
  4520 | D:5      | Killed Edmund
  4550 | D:5      | Killed Blork the orc
  4568 | D:5      | Noticed Prince Ribbit
  4597 | D:5      | Killed Prince Ribbit
  4733 | D:5      | Reached skill level 8 in Short Blades
  4877 | D:5      | Found Patt's Distillery.
  4892 | D:5      | Bought a potion of haste for 120 gold pieces
  5068 | D:6      | Reached skill level 5 in Fighting
  5258 | D:5      | Reached skill level 9 in Short Blades
  5258 | D:5      | Reached XP level 9. HP: 68/68 MP: 9/9
  6054 | D:7      | Noticed a kobold demonologist
  6064 | D:7      | Noticed a red devil
  6074 | D:7      | Killed a kobold demonologist
  6106 | D:7      | Found a staircase to the Ecumenical Temple.
  6176 | D:7      | Noticed Joseph
  6205 | D:6      | Killed Joseph
  6206 | D:6      | Reached skill level 5 in Shields
  6341 | D:7      | Gained mutation: A meltable icy envelope protects you from
                  | harm. (AC +0) [demonic ancestry]
  6341 | D:7      | Reached XP level 10. HP: 79/79 MP: 10/10
  6529 | D:7      | Found Inwetzi's Self-Published Books.
  6617 | D:8      | Noticed Erica
  6740 | D:8      | Reached skill level 1 in Armour
  6884 | D:8      | Noticed Grum
  6898 | D:8      | Killed Grum
  6909 | D:8      | HP: 2/80 [something (7)]
  6910 | D:8      | Slain by Erica

Illustrated notes

Levels and vault maps discovered:
D:1:      saegor_arrival_fortress, layout_basic, supply_closet_lemuel
D:2:      layout_loops_ring, basic_altar, hellmonk_ecumenical_altar_heavens_door
D:3:      cheibrodos_fertilizer, layout_rooms, serial_shops,
          nicolae_shop_temple_entry_statues_fountains, uniq_sigmund
D:4:      wander_river, layout_basic, mainiacjoe_overflow_two_lobes,
          minmay_gold_behind_fungi, uniq_grinder, uniq_menkaure
D:5:      layout_basic, serial_shops, nicolae_shop_industrial_runoff,
          uniq_blork_the_orc, uniq_prince_ribbit1, uniq_edmund
D:6:      layout_cave_pools
D:7:      layout_basic, minmay_temple_entry_drinking_statues,
          nicolae_custom_books, item_on_display_a, uniq_joseph
D:8:      layout_cave_pools, nicolae_yredelemnul_ghost_church,
          serial_gnoll_camp, gnoll_camp_mini_basic, gnoll_camp_huts_moat,
          gnoll_camp_mini_doghouse, grums_kennel, gnoll_camp_medium_02,
          gnoll_camp_mini_doghouse, nicolae_have_a_lightning_rod, uniq_grum,
          uniq_erica

Skill      XL: |  1  2  3  4  5  6  7  8  9 10 |
---------------+-------------------------------+-----
Long Blades    | 3 |  3.3
Short Blades   | 1 3 4 5 7 9 |  9.7
Fighting       | 3 4 5 7 8 |  8.2
Shields        | 1 2 5 |  5.8
Armour         | 2 |  2.1
Throwing       | |  1.7
Dodging        | |  2.9

Action                     |  1- 3 |  4- 6 |  7- 9 | 10-12 || total
---------------------------+-------+-------+-------+-------++-------
  Melee: Long sword        |    65 |       |       |       ||    65
         Dagger            |    59 |   124 |   436 |   142 ||   761
         Punch             |       |     3 |     5 |       ||     8
         Headbutt          |       |    22 |   119 |    36 ||   177
    Use: Potion            |     1 |     2 |     6 |     6 ||    15
         Scroll            |     6 |     3 |     3 |     2 ||    14
 Armour: Leather armour    |    27 |       |       |       ||    27
         Chain mail        |    70 |    87 |   201 |   102 ||   460
  Dodge: Dodged            |    57 |    41 |    58 |    48 ||   204
  Block: Other             |       |    15 |    21 |       ||    36
         Kite shield       |       |       |   106 |   133 ||   239

Table legend: (Time is in decaauts)
 A = Elapsed time spent in this place.
 B = Non-inter-level travel time spent in this place.
 C = Inter-level travel time spent in this place.
 D = Time resting spent in this place.
 E = Time spent auto-exploring this place.
 F = Levels seen in this place.
 G = Mean time per level.
                   A        B        C        D        E       F      G
               +--------+--------+--------+--------+--------+-----+--------+
         Total |   6712 |   6090 |    622 |      0 |   4582 |   8 |  839.0 |
       Dungeon |   6712 |   6090 |    622 |      0 |   4582 |   8 |  839.0 |
               +--------+--------+--------+--------+--------+-----+--------+

Top non-repeatable levels by time:
     D:4: 1519 daAuts
     D:1: 1079 daAuts
     D:3: 943 daAuts
     D:5: 854 daAuts
     D:7: 754 daAuts
     D:2: 734 daAuts
     D:6: 644 daAuts
     D:8: 181 daAuts
